 Dungeon Crawl Stone Soup version 0.30-a0-465-g8901f6c8b5 (webtiles) character file.

Game seed: 5460259595998336176

212 purpskrrrp the Trooper (level 5, -1/57 HPs)
             Began as an Ogre Gladiator on Dec 19, 2022.
             Slain by an orc
             ... wielding a +0 trident
              (7 damage)
             ... on level 4 of the Dungeon.
             The game lasted 00:04:50 (3277 turns).

purpskrrrp the Trooper (Ogre Gladiator)             Turns: 3277, Time: 00:04:51

Health: -1/57      AC:  3    Str: 20    XL:     5   Next: 89%
Magic:  5/5        EV: 10    Int:  9    God:
Gold:   158        SH:  0    Dex: 10    Spells: 4/4 levels left

rFire   . . .      SeeInvis .    j - +3 war axe
rCold   . . .      Faith    .    (no shield)
rNeg    . . .      Spirit   .    b - +0 robe
rPois   .          Reflect  .    c - +0 hat
rElec   .          Harm     .    (no cloak)
rCorr   .          Rampage  .    (gloves unavailable)
Will    .....                    (boots unavailable)
Stlth   +.........               (no amulet)
HPRegen 0.29/turn                (no ring)
MPRegen 0.09/turn                (no ring)

@: no status effects
A: large, unfitting armour, tough skin 1
a: no special abilities


You were on level 4 of the Dungeon.
You visited 1 branch of the dungeon, and saw 4 of its levels.

You collected 158 gold pieces.

Inventory:

Hand Weapons
 a - a +0 war axe
 j - a +3 war axe (weapon)
Missiles
 d - 3 throwing nets (quivered)
 n - 6 datura-tipped darts
 p - 6 poisoned darts
Armour
 b - a +0 robe (worn)
 c - a +0 hat (worn)
Scrolls
 f - a scroll of vulnerability
Potions
 h - a potion of degeneration
 i - a potion of resistance
 k - a potion of flight
 m - a potion of brilliance {unknown}


   Skills:
 * Level 5.3 Fighting
 + Level 3.8 Axes
 + Level 3.1 Throwing
 + Level 3.4 Dodging


You had 4 spell levels left.
You didn't know any spells.
Your spell library contained the following spells:

 Spells                   Type           Power      Damage    Failure   Level
 Gell's Gravitas          Tloc           0%         N/A       77%         3
 Teleport Other           Tloc           0%         N/A       77%         3
 Dispersal                Tloc           0%         N/A       100%        6


Dungeon Overview and Level Annotations

Branches:
Dungeon (4/15)
 Temple: D:4-7

Altars:
Dithmenos
Wu Jian

Shops:
D:1 =


Innate Abilities, Weirdness & Mutations

You are too large for most types of armour.
You have tough skin. (AC +1)


Message History

Reactivating autopickup.
The orc wizard hits you but does no damage.
The orc hits you but does no damage.
You slash the orc wizard!
You kill the orc wizard!
You feel less confused. The orc hits you but does no damage. x2
You swing at nothing.
The orc barely misses you.
You swing at nothing.
The orc hits you but does no damage.
You swing at nothing.
The orc hits you but does no damage. x2
You swing at nothing.
The orc hits you but does no damage.
You swing at nothing.
The orc hits you but does no damage.
You swing at nothing.
The orc completely misses you. The orc hits you but does no damage.
You swing at nothing.
The orc hits you but does no damage.
You swing at nothing.
The orc hits you but does no damage.
You swing at nothing.
The orc completely misses you.
You swing at nothing.
The orc hits you but does no damage. x2
You swing at nothing.
Your transformation is almost over.
The orc hits you but does no damage.
You swing at nothing.
The orc hits you but does no damage.
You swing at nothing.
The orc hits you but does no damage. x2
You swing at nothing.
The orc hits you but does no damage.
You swing at nothing.
The orc hits you but does no damage.
You swing at nothing.
The orc hits you from afar with a +0 trident.
* * * LOW HITPOINT WARNING * * *
The orc hits you from afar with a +0 trident.
* * * LOW HITPOINT WARNING * * *
You swing at nothing.
The orc hits you but does no damage.
You swing at nothing.
You feel less wooden.
Your +0 hat unmelds from your body.
Your +0 robe unmelds from your body.
The orc hits you from afar with a +0 trident.
* * * LOW HITPOINT WARNING * * *
You swing at nothing.
The orc closely misses you. x2
You swing at nothing.
The orc hits you from afar with a +0 trident!
You die...

###########.#
#...<.......#
#####@#####.#
#)# #o#
#o§§o.o..
##§≈≈≈≈≈≈
§..≈≈≈≈
.8..§._
..§≈≈≈§
.≈≈≈≈≈§


You could see 2 orcs.

Vanquished Creatures
  2 iguanas (D:3)
  An orc wizard (D:4)
  Robin (D:3)
  4 adders
  A worm (D:3)
  2 dart slugs (D:2)
  3 orcs
  4 bats
  6 endoplasms
  5 giant cockroaches
  16 goblins
  8 hobgoblins
  5 jackals
  3 quokkas
  7 ball pythons
  2 frilled lizards (D:2)
  4 kobolds (D:2)
  A rat (D:2)
75 creatures vanquished.

Notes
Turn   | Place    | Note
-------+----------+-------------------------------------------
     0 | D:1      | purpskrrrp the Ogre Gladiator began the quest for the Orb.
     0 | D:1      | Reached XP level 1. HP: 22/22 MP: 1/1
   214 | D:1      | Reached skill level 3 in Fighting
   240 | D:1      | Reached XP level 2. HP: 29/31 MP: 2/2
   753 | D:1      | Found Nesonixy's Jewellery Emporium.
   904 | D:2      | Reached XP level 3. HP: 28/39 MP: 3/3
  1202 | D:2      | Reached skill level 4 in Fighting
  1417 | D:2      | Reached XP level 4. HP: 48/48 MP: 4/4
  1725 | D:3      | Noticed Robin
  1734 | D:3      | Killed Robin
  1904 | D:3      | Found a shadowy altar of Dithmenos.
  2064 | D:3      | Reached XP level 5. HP: 43/55 MP: 5/5
  2609 | D:3      | Reached skill level 5 in Fighting
  3073 | D:4      | Noticed an ogre
  3075 | D:4      | Noticed a phantom
  3230 | D:4      | Found an ornate altar of the Wu Jian Council.
  3277 | D:4      | Slain by an orc

Illustrated notes

Levels and vault maps discovered:
D:1:      dpeg_arrival_solitude, layout_loops_corners, serial_shops, shop
D:2:      layout_loops_cross
D:3:      layout_basic, lemuel_round_altar, serial_curves, eino_curves_04,
          eino_curves_04, minmay_misc_feat_tower, minmay_between, uniq_robin
D:4:      layout_basic, mainiacjoe_overflow_catwalk, uniq_eustachio

Skill      XL: |  1  2  3  4  5 |
---------------+----------------+-----
Fighting       | 3 4 5 |  5.3
Dodging        | 3 |  3.4
Throwing       | 3 |  3.1
Axes           | |  3.8

Action                   |  1- 3 |  4- 6 || total
-------------------------+-------+-------++-------
Melee: War axe           |    80 |    87 ||   167
       Punch             |     1 |     1 ||     2
Throw: Large rock        |       |     2 ||     2
  Use: Scroll            |     4 |     6 ||    10
       Potion            |       |     1 ||     1
Armor: Robe              |    20 |    26 ||    46
       Skin              |       |    29 ||    29
Dodge: Dodged            |    42 |    47 ||    89

Table legend: (Time is in decaauts)
 A = Elapsed time spent in this place.
 B = Non-inter-level travel time spent in this place.
 C = Inter-level travel time spent in this place.
 D = Time resting spent in this place.
 E = Time spent auto-exploring this place.
 F = Levels seen in this place.
 G = Mean time per level.
                   A        B        C        D        E       F      G
               +--------+--------+--------+--------+--------+-----+--------+
         Total |   3340 |   3072 |    268 |    144 |   2376 |   4 |  835.0 |
       Dungeon |   3340 |   3072 |    268 |    144 |   2376 |   4 |  835.0 |
               +--------+--------+--------+--------+--------+-----+--------+

Top non-repeatable levels by time:
     D:3: 1560 daAuts
     D:1: 906 daAuts
     D:2: 807 daAuts
     D:4: 66 daAuts
